[Event "Titled Tuesday Blitz July 20 2021"]
[White "Prraneeth Vuppala"]
[Black "Goltsev, Dmitry"]
[WhiteFideId "46622373"]
[BlackFideId "24176710"]
[WhiteElo "1759"]
[BlackElo "2366"]
[Result "1-0"]
[Round "06"]
[TimeControl "180+1"]
[Date "2021.07.21"]
[WhiteClock "0:00:04"]
[BlackClock "0:00:13"]

1. d4 Nf6 2. c4 e6 3. Nf3 Bb4+ 4. Bd2 Qe7 5. e3 b6 6. Bd3 Bb7 7. Nc3 Bxc3 8. Bxc3 Ne4 9. Qc2 f5 10. Nd2 Nxd2 11. Qxd2 Bxg2 12. Rg1 Be4 13. Bxe4 fxe4 14. d5 e5 15. Qc2 d6 16. Qxe4 Nd7 17. O-O-O O-O-O 18. f4 Rdf8 19. fxe5 Nxe5 20. Bxe5 Qxe5 21. Qxe5 dxe5 22. Rxg7 Rf3 23. d6 cxd6 24. Rxd6 Rxe3 25. Rdd7 Rg8 26. Rc7+ Kd8 27. Rgd7+ Ke8 28. Re7+ Kd8 29. Rcd7+ Kc8 30. Rxa7 Kb8 31. Reb7+ Kc8 32. Rxh7 Kb8 33. Rhb7+ Kc8 34. Ra8+ Kxb7 35. Rxg8 Re4 36. b3 Re2 37. h4 Rxa2 38. Rg5 Re2 39. h5 Kc6 40. Kd1 Rb2 41. h6 Rh2 42. Rxe5 Rxh6 43. Kc2 Rh3 44. Kb2 Kb7 45. Ka3 Kc6 46. Kb4 Rh6 47. Rf5 Rg6 48. Rh5 Rg3 49. Rh6+ Kb7 50. Ka4 Rc3 51. Rh7+ Ka6 52. Rc7 Rc1 53. b4 Ra1+ 54. Kb3 Rb1+ 55. Ka3 Ra1+ 56. Kb2 Rh1 57. Kc3 Rh3+ 58. Kd4 Rb3 59. b5+ Ka5 60. Rb7 Kb4 61. Rxb6 Rh3 62. Rc6 Rh4+ 63. Kd5 Ka5 64. Ra6+ Kb4 65. Rc6 Ka5 66. b6 Ka6 67. c5 Rh5+ 68. Kd6 Rh6+ 69. Kc7 Rh7+ 70. Kb8 Rb7+ 71. Kc8 Rh7 72. b7+ Kb5 73. b8=Q+ Kxc6 74. Qb6+ Kd5 75. Qd6+ Kc4 76. c6 Kb5 77. c7 Rh1 78. Qd5+ Kb6 79. Qxh1 Ka5 80. Kb8 Kb6 81. c8=Q Ka5 82. Qcb7 Ka4 83. Qa1# 1-0


[Site "https://www.chess.com"]

[Event "Titled Tuesday Blitz July 20 2021"]
[White "Przybylski, Wojciech"]
[Black "Djokic, Mihailo"]
[WhiteFideId "1117599"]
[BlackFideId "976440"]
[WhiteElo "2317"]
[BlackElo "2018"]
[Result "0-1"]
[Round "06"]
[TimeControl "180+1"]
[Date "2021.07.21"]
[WhiteClock "0:00:01"]
[BlackClock "0:00:04"]

1. e4 e6 2. d4 d5 3. Nc3 dxe4 4. Nxe4 Nd7 5. Bd3 Ngf6 6. Bg5 Be7 7. Nxf6+ Bxf6 8. Be3 c5 9. c3 cxd4 10. cxd4 Qb6 11. Ne2 Qxb2 12. O-O Qa3 13. Rc1 O-O 14. Ng3 g6 15. Ne4 Bg7 16. h4 Nb6 17. d5 Nxd5 18. Bc5 Qxa2 19. Bxf8 Kxf8 20. Bc4 Qa5 21. Nd6 Bd7 22. Nxb7 Qb6 23. Rb1 Qc6 24. Na5 Qc5 25. Qd2 Kg8 26. Nb7 Qd4 27. Qxd4 Bxd4 28. Bxd5 exd5 29. Nd6 Bb6 30. Rfd1 d4 31. Nc4 Bc5 32. Ne5 Bf5 33. Nd3 Bb6 34. f3 h5 35. Kf1 Rc8 36. Rb3 Rc3 37. Nc1 Rxb3 38. Nxb3 Bc2 39. Rxd4 Bxb3 40. Rb4 Be6 41. Ke2 Kf8 42. Kd3 Ke7 43. g4 Kd6 44. gxh5 gxh5 45. Rb5 Bc5 46. Ra5 Bd5 47. f4 f5 48. Ra6+ Bb6 49. Ra1 Be4+ 50. Kc4 Kc6 51. Rc1 a5 52. Kb3+ Kb5 53. Ka3 Bc5+ 54. Kb2 a4 55. Rd1 a3+ 56. Ka1 Kc4 57. Rd8 Bd4+ 58. Ka2 Bc5 59. Rc8 Kd4 0-1


[Site "https://www.chess.com"]

[Event "Titled Tuesday Blitz July 20 2021"]
[White "Quintiliano Pinto, Renato R."]
[Black "Narayanan.S.L"]
[WhiteFideId "2117568"]
[BlackFideId "5058422"]
[WhiteElo "2439"]
[BlackElo "2617"]
[Result "0-1"]
[Round "06"]
[TimeControl "180+1"]
[Date "2021.07.20"]
[WhiteClock "0:00:10"]
[BlackClock "0:00:21"]

1. d4 e6 2. c4 f5 3. g3 Nf6 4. Bg2 d5 5. Nf3 c6 6. O-O Bd6 7. b3 Qe7 8. Bb2 b6 9. Nbd2 Bb7 10. Ne5 a5 11. Rc1 O-O 12. Ndf3 Ne4 13. Nd3 Nd7 14. Nfe5 Nxe5 15. dxe5 Ba3 16. cxd5 exd5 17. Bxa3 Qxa3 18. f3 Ng5 19. Qd2 Ne6 20. e4 dxe4 21. fxe4 Rad8 22. exf5 Nc5 23. Qb2 Qxb2 24. Nxb2 Rd2 25. Nc4 Rxa2 26. Nxb6 Nd3 27. Rcd1 Nxe5 28. Rfe1 Rxf5 29. Be4 Rff2 30. Nd7 Nxd7 31. Rxd7 Ba6 32. Rd8+ Kf7 33. Bxc6 Rxh2 34. Rd6 g6 35. Bd5+ Kg7 36. Rxa6 Rhd2 37. Bf3 Rd3 38. Rf1 Rxb3 39. Ra7+ Kh6 40. Rf2 Raa3 41. Kg2 a4 42. Ra5 Rb4 43. Ra7 Rc3 44. Bd5 Rd4 45. Bg8 Rdd3 46. Rxh7+ Kg5 47. Rf3 Rxf3 0-1


[Site "https://www.chess.com"]

[Event "Titled Tuesday Blitz July 20 2021"]
[White "Quparadze, Giga"]
[Black "Turgut, Aydin"]
[WhiteFideId "13602250"]
[BlackFideId "2078791"]
[WhiteElo "2658"]
[BlackElo "2138"]
[Result "1-0"]
[Round "06"]
[TimeControl "180+1"]
[Date "2021.07.20"]
[WhiteClock "0:02:19"]
[BlackClock "0:00:08"]

1. e4 e5 2. Nf3 Nc6 3. Bb5 a6 4. Ba4 Nf6 5. Nc3 b5 6. Bb3 Bc5 7. Qe2 d6 8. Nd5 Rb8 9. c3 h6 10. d3 O-O 11. Be3 Bxe3 12. Nxf6+ Qxf6 13. fxe3 Be6 14. O-O Qe7 15. Qf2 f5 16. Nh4 Kh7 17. exf5 Bf7 18. Qg3 Qf6 19. e4 Ne7 20. Bxf7 Rxf7 21. Nf3 Rd8 22. d4 exd4 23. cxd4 Nc6 24. Rad1 Qe7 25. Qg6+ Kh8 26. e5 dxe5 27. Qxc6 e4 28. Ne5 Rf6 29. Ng6+ Rxg6 30. Qxg6 e3 31. f6 gxf6 32. Qxh6+ Kg8 33. Rxf6 e2 34. Rg6+ Kf7 35. Rg7+ Ke8 36. Rxe7+ Kxe7 1-0


[Site "https://www.chess.com"]

[Event "Titled Tuesday Blitz July 20 2021"]
[White "Rodriguez Hernandez, Luis Daniel"]
[Black "Sjugirov, Sanan"]
[WhiteFideId "3506770"]
[BlackFideId "4189302"]
[WhiteElo "2133"]
[BlackElo "2472"]
[Result "1-0"]
[Round "06"]
[TimeControl "180+1"]
[Date "2021.07.20"]
[WhiteClock "0:00:04"]
[BlackClock "0:00:01"]

1. e4 c6 2. d4 d5 3. Nc3 dxe4 4. Nxe4 Nf6 5. Nxf6+ exf6 6. c3 Bd6 7. Bd3 O-O 8. Qc2 Re8+ 9. Ne2 h5 10. Be3 Nd7 11. Ng3 Qa5 12. b4 Qd5 13. Be4 Qe6 14. Bh7+ Kh8 15. Nxh5 Nb6 16. Ng3 Nd5 17. Be4 Nxe3 18. fxe3 f5 19. Nxf5 Bc7 20. Ng3 Qh6 21. O-O-O Qxe3+ 22. Kb2 Qh6 23. Bf5 Kg8 24. Rhe1 Bxf5 25. Nxf5 Qf6 26. g4 g6 27. Ne3 Qh4 28. Re2 a5 29. a3 axb4 30. axb4 Qh3 31. Rd3 Qf3 32. Re1 Qe4 33. Ng2 Qxg4 34. Rxe8+ Rxe8 35. Rd2 Bxh2 36. Ne3 Rxe3 37. Rxh2 Rh3 38. Rg2 Qe6 39. Re2 Qd7 40. Qe4 Kg7 41. Qe5+ Kh7 42. Rf2 Kg8 43. Qb8+ Kg7 44. Qe5+ Kg8 45. Qb8+ Kg7 46. Qe5+ Kh7 47. Qb8 Rh5 48. Qf8 f5 49. Re2 1-0


[Site "https://www.chess.com"]

[Event "Titled Tuesday Blitz July 20 2021"]
[White "Roman, Rodrigo"]
[Black "Yaran, Siar"]
[WhiteFideId "3701220"]
[BlackFideId "6323006"]
[WhiteElo "2043"]
[BlackElo "1977"]
[Result "1-0"]
[Round "06"]
[TimeControl "180+1"]
[Date "2021.07.21"]
[WhiteClock "0:01:21"]
[BlackClock "0:00:05"]

1. Nf3 Nf6 2. g3 e6 3. Bg2 d5 4. O-O Be7 5. d3 O-O 6. Nbd2 Nc6 7. Re1 e5 8. e4 dxe4 9. Nxe4 Nxe4 10. Rxe4 Bf5 11. Re1 Bf6 12. Bd2 Re8 13. Bc3 e4 14. Bxf6 Qxf6 15. dxe4 Bxe4 16. c3 Rad8 17. Nd2 Bxg2 18. Rxe8+ Rxe8 19. Kxg2 Ne5 20. Qa4 c6 21. Re1 Rd8 22. Re2 h5 23. Qxa7 h4 24. Qe3 Ng4 25. Qf3 h3+ 26. Kxh3 Qh6+ 27. Kxg4 Rxd2 28. Re8+ Kh7 29. Qxf7 Qf6 30. Qxf6 gxf6 31. Re7+ Kg6 32. Rxb7 Rxf2 33. a4 Rxh2 34. a5 Rh8 35. a6 Ra8 36. a7 f5+ 37. Kf4 Kf6 38. b4 Ke6 39. c4 Kf6 40. b5 cxb5 41. cxb5 1-0


[Site "https://www.chess.com"]

[Event "Titled Tuesday Blitz July 20 2021"]
[White "Rustemov, Alexander"]
[Black "Arabidze, Meri"]
[WhiteFideId "4119002"]
[BlackFideId "13604040"]
[WhiteElo "2853"]
[BlackElo "2432"]
[Result "1-0"]
[Round "06"]
[TimeControl "180+1"]
[Date "2021.07.20"]
[WhiteClock "0:01:22"]
[BlackClock "0:00:09"]

1. d4 Nf6 2. c4 e6 3. Nf3 b6 4. a3 Bb7 5. Nc3 d5 6. Bg5 Be7 7. Bxf6 Bxf6 8. cxd5 exd5 9. Qa4+ c6 10. g3 O-O 11. Rd1 Nd7 12. Bh3 Re8 13. Nxd5 b5 14. Nxf6+ Qxf6 15. Qb3 c5 16. Bxd7 c4 17. Qc3 Bxf3 18. Bxe8 Rxe8 19. O-O Rxe2 20. Rde1 h5 21. Rxe2 Bxe2 22. Re1 Bd3 23. d5 Qf3 24. Qd4 f5 25. d6 h4 26. Re8+ Kh7 27. Qxh4+ Kg6 28. Re6+ Kf7 29. Qe7+ Kg8 30. d7 Qd1+ 31. Re1 1-0


[Site "https://www.chess.com"]

[Event "Titled Tuesday Blitz July 20 2021"]
[White "Samsonkin, Artiom"]
[Black "Tsyhanchuk_Stanislav"]
[WhiteFideId "13503111"]
[WhiteElo "2513"]
[BlackElo "2486"]
[Result "1-0"]
[Round "06"]
[TimeControl "180+1"]
[Date "2021.07.21"]
[WhiteClock "0:00:55"]
[BlackClock "0:00:02"]

1. e4 c5 2. Nf3 Nc6 3. Bb5 Qb6 4. Nc3 e6 5. O-O Nge7 6. b3 a6 7. Bxc6 Qxc6 8. Bb2 Ng6 9. d4 cxd4 10. Nxd4 Qc7 11. Re1 Bb4 12. Re3 O-O 13. Nf5 exf5 14. Nd5 Qd6 15. exf5 Bc5 16. Rg3 Ne5 17. f6 1-0


[Site "https://www.chess.com"]

[Event "Titled Tuesday Blitz July 20 2021"]
[White "Saravana, Krishnan P."]
[Black "ValeriyGrinev"]
[WhiteFideId "5018382"]
[WhiteElo "2245"]
[BlackElo "2631"]
[Result "0-1"]
[Round "06"]
[TimeControl "180+1"]
[Date "2021.07.21"]
[WhiteClock "0:00:02"]
[BlackClock "0:00:12"]

1. e4 e5 2. Nf3 Nc6 3. Bb5 a6 4. Ba4 Nf6 5. d3 b5 6. Bb3 Be7 7. O-O O-O 8. h3 h6 9. a3 Rb8 10. Nc3 d6 11. Bd2 Be6 12. Nd5 Nd7 13. Ba2 Nd4 14. Ba5 Bxd5 15. Bxd5 Ne6 16. Ba2 Nf4 17. d4 Bf6 18. d5 g6 19. Rc1 Nb6 20. Nd2 Bg7 21. c4 Qg5 22. g3 Nd3 23. Rc2 bxc4 24. Bxb6 cxb6 25. Nxc4 Nc5 26. Nxd6 Rfd8 27. b4 Rxd6 28. bxc5 bxc5 29. Rxc5 Rb2 30. Rc2 Rdb6 31. Kg2 Kh7 32. Bc4 f5 33. Rxb2 Rxb2 34. d6 Rd2 35. Qf3 Rxd6 36. h4 Qf6 37. h5 f4 38. hxg6+ Qxg6 39. g4 Qg5 40. Rh1 Rg6 41. Kf1 Qxg4 42. Qxg4 Rxg4 43. Be6 Rg5 44. Bf5+ Kg8 45. Ke2 Bf8 46. Rb1 Bxa3 47. Ra1 Bf8 48. Rxa6 Rg1 49. Kf3 Rb1 50. Re6 Bg7 51. Kg4 Rg1+ 52. Kf3 Rb1 53. Kg4 Rg1+ 54. Kf3 Kf7 55. Ra6 h5 56. Ra7+ Kg8 57. Ra8+ Bf8 58. Re8 h4 59. Rxe5 Bh6 60. Re6 Kg7 61. Re7+ Kf6 62. Rh7 Bg5 63. Bh3 Ke5 64. Rh5 Kf6 65. Rh8 Kg7 0-1


[Site "https://www.chess.com"]

[Event "Titled Tuesday Blitz July 20 2021"]
[White "Sihite, Chelsie Monica Ignesias"]
[Black "Dong, Bao Nghia"]
[WhiteFideId "7101198"]
[BlackFideId "12400343"]
[WhiteElo "2224"]
[BlackElo "2409"]
[Result "1-0"]
[Round "06"]
[TimeControl "180+1"]
[Date "2021.07.21"]
[WhiteClock "0:00:20"]
[BlackClock "0:00:15"]

1. c4 e6 2. g3 d5 3. cxd5 exd5 4. Bg2 g6 5. Nf3 Bg7 6. O-O Ne7 7. d4 O-O 8. Nc3 Nbc6 9. h3 Nf5 10. e3 Nce7 11. g4 Nd6 12. Ne5 c6 13. f4 f6 14. Nd3 Re8 15. Bd2 b6 16. b3 Ba6 17. Qc2 Rc8 18. Rfc1 Bb7 19. Qd1 Kh8 20. Ne2 Ne4 21. Bxe4 dxe4 22. Nf2 Nd5 23. Ng3 c5 24. dxc5 bxc5 25. Rab1 Nb6 26. Bc3 Qe7 27. Qe1 Qe6 28. Rd1 Red8 29. Rxd8+ Rxd8 30. Rd1 Re8 31. f5 Qe7 32. fxg6 hxg6 33. h4 Qc7 34. Kg2 Nd5 35. Ba1 f5 36. gxf5 gxf5 37. Qe2 Bxa1 38. Qh5+ Kg7 39. Nxf5+ Kf6 40. Ng4+ Ke6 41. Rxa1 Bc6 42. Rd1 Rg8 43. Kh3 Be8 44. Ng7+ Rxg7 45. Qxd5+ Ke7 46. Qxe4+ Kf8 47. Qf4+ Qxf4 48. exf4 Bd7 49. Rg1 Kf7 50. h5 Bf5 51. Kh4 Ke6 52. Re1+ Kd6 53. Rd1+ Ke6 54. Ne3 Be4 55. h6 Rh7 56. Kg5 Rh8 57. Rc1 Rg8+ 58. Kh4 Rh8 59. Rxc5 Rxh6+ 60. Rh5 Rf6 61. Kg3 Rg6+ 62. Rg5 Rxg5+ 63. fxg5 Bb1 64. a3 Ba2 65. b4 Bb1 66. Kf4 Bd3 67. Nd1 Be2 68. Nc3 Bc4 69. Ne4 Ba2 70. g6 Bb1 71. Nc5+ Kf6 72. g7 Kxg7 73. Ke5 Kf7 74. Kd6 Ke8 75. Kc7 Bc2 76. b5 Bd1 77. a4 Be2 78. Kb7 Kd8 79. Kxa7 Kc7 80. b6+ Kc6 81. b7 1-0


[Site "https://www.chess.com"]

[Event "Titled Tuesday Blitz July 20 2021"]
[White "Silich, Yahor"]
[Black "Molina, Roberto Junio Brito"]
[WhiteFideId "13513656"]
[BlackFideId "2109450"]
[WhiteElo "2142"]
[BlackElo "2402"]
[Result "0-1"]
[Round "06"]
[TimeControl "180+1"]
[Date "2021.07.21"]
[WhiteClock "0:00:48"]
[BlackClock "0:01:23"]

1. e4 c5 2. Nf3 e6 3. Nc3 Nc6 4. g3 Nf6 5. Bg2 d5 6. exd5 Nxd5 7. Nxd5 Qxd5 8. O-O Be7 9. Re1 Qd6 10. d3 O-O 11. Bf4 Qd8 12. Ne5 Nxe5 13. Bxe5 Bf6 14. Qe2 Bxe5 15. Qxe5 Qb6 16. a4 a5 17. b3 Bd7 18. Rad1 Bc6 19. Be4 Rad8 20. Qc3 Qb4 21. Qxb4 cxb4 22. Bxc6 bxc6 23. Re5 Rd5 24. Rde1 Rfd8 25. f4 g6 26. Kf2 Kf8 27. R1e4 Ke7 28. Re1 Kd6 29. R5e4 Kc7 30. Rc4 Kb6 31. Kf3 h5 32. h3 Rh8 33. Re2 Rg8 34. Re5 Rgd8 35. Ree4 Rh8 36. Re1 Rg8 37. Rh1 Rh8 38. Rh2 Rhd8 39. Re2 Rh8 40. Re3 Rg8 41. Re5 Rgd8 42. Re1 R8d7 43. Re2 Rc7 44. Re3 Rb7 45. Re2 Rb8 46. Re1 Rh8 47. Re2 Rg8 48. Re1 g5 49. Re5 gxf4 50. gxf4 Rg1 51. Kf2 Rh1 52. Kg2 Rc1 53. Kf2 Rb1 54. Kg2 h4 55. Kf2 Rh1 56. Kg2 Rd1 57. Kf2 Kc7 58. Kf3 Rg1 59. Rxd5 exd5 60. Rc5 Kb6 61. d4 Rg3+ 62. Kf2 Rxh3 63. Kg2 Re3 64. Kf2 Rg3 65. f5 f6 66. Ke2 h3 67. Kf2 Rg5 68. c3 h2 69. cxb4 axb4 70. Rc1 Rxf5+ 71. Kg2 Rh5 72. Kh1 Rh4 73. a5+ Kb7 74. a6+ Kb6 75. a7 Rh8 76. Ra1 Ra8 77. Kxh2 Rxa7 78. Rf1 Ra3 79. Rf3 Ra2+ 80. Kg3 Rd2 81. Kf4 Rxd4+ 82. Kf5 Rd1 83. Kxf6 Rc1 84. Ke5 Rc3 85. Rf6 Rxb3 86. Kd4 Rc3 87. Rf1 Rc4+ 88. Kd3 Kb5 89. Ra1 b3 90. Ra8 Kb4 91. Rb8+ Ka3 92. Kd2 Ka2 93. Ra8+ Kb1 94. Rb8 b2 95. Kd1 c5 96. Rd8 Rd4+ 97. Ke2 Kc2 98. Rc8 Re4+ 99. Kf2 c4 100. Rc5 c3 101. Rxd5 b1=Q 102. Rf5 Qe1+ 103. Kf3 Qe2+ 104. Kg3 Qg4+ 105. Kf2 Qxf5+ 106. Kg3 Rg4+ 107. Kh3 Qg6 108. Kh2 Kb3 109. Kh3 Kb4 110. Kh2 Kc5 111. Kh3 Kd6 112. Kh2 Ke5 113. Kh3 Kd5 114. Kh2 Kc6 115. Kh3 Kb7 116. Kh2 Kb8 117. Kh3 Kc8 118. Kh2 Kd8 119. Kh3 Ke8 120. Kh2 Kf8 121. Kh3 Kg8 122. Kh2 Kh8 123. Kh3 Kh7 124. Kh2 Kg7 125. Kh3 c2 126. Kh2 Kf6 127. Kh3 Kf7 128. Kh2 Ke6 129. Kh3 Ke7 130. Kh2 Kd7 131. Kh3 Kc6 132. Kh2 Kb5 133. Kh3 Kb4 134. Kh2 Ka4 135. Kh3 Qg5 136. Kh2 Ka5 137. Kh3 Ka6 138. Kh2 Kb7 139. Kh3 Kb6 140. Kh2 Kc5 141. Kh3 Kd4 142. Kh2 Kd3 143. Kh3 Kd2 144. Kh2 Kd1 145. Kh3 c1=Q 146. Kh2 Qc8 147. Kh3 Qcd8 148. Kh2 Kc2 149. Kh3 Kb2 150. Kh2 Kb3 151. Kh3 Ka3 152. Kh2 Ka4 153. Kh3 Ka5 154. Kh2 Kb4 155. Kh3 Kb5 156. Kh2 Kb6 157. Kh3 Kc5 158. Kh2 Kc6 159. Kh3 Kd5 160. Kh2 Kd6 161. Kh3 Ke5 162. Kh2 Ke6 163. Kh3 Rg3+ 164. Kh2 Ke5 165. Kh1 Kd5 166. Kh2 Kd6 167. Kh1 Kc5 168. Kh2 Kc6 169. Kh1 Kb5 170. Kh2 Kb6 171. Kh1 Ka5 172. Kh2 Rh3+ 173. Kxh3 Qdg8 174. Kh2 Kb6 175. Kh3 Kb5 176. Kh2 Kc6 177. Kh3 Kc5 178. Kh2 Kd6 179. Kh3 Kd5 180. Kh2 Kc4 181. Kh3 Kb3 182. Kh2 Ka2 183. Kh3 Ka1 184. Kh2 Kb1 185. Kh3 Kb2 186. Kh2 Kc1 187. Kh1 Kc2 188. Kh2 Kd1 189. Kh3 Kd2 190. Kh2 Ke2 191. Kh1 Ke3 192. Kh2 Kd3 193. Kh3 Ke4 194. Kh2 Q8g7 195. Kh1 Ke5 196. Kh2 Kd5 197. Kh3 Ke6 198. Kh2 Ke7 199. Kh1 Kd6 200. Kh2 Kd7 201. Kh3 Kc6 202. Kh2 Kc7 203. Kh1 Kb6 204. Kh2 Kb7 205. Kh3 Ka6 206. Kh2 Ka7 207. Kh1 Ka8 208. Kh2 Kb8 209. Kh3 Kc8 210. Kh2 Q7h6# 0-1


[Site "https://www.chess.com"]

[Event "Titled Tuesday Blitz July 20 2021"]
[White "Siniauski, Artsiom"]
[Black "Kukhmazov, Arsen"]
[WhiteFideId "13512269"]
[BlackFideId "24108260"]
[WhiteElo "2210"]
[BlackElo "2453"]
[Result "0-1"]
[Round "06"]
[TimeControl "180+1"]
[Date "2021.07.20"]
[WhiteClock "0:01:03"]
[BlackClock "0:01:10"]

1. e4 c6 2. d4 d5 3. Nc3 dxe4 4. Nxe4 Bf5 5. Ng3 Bg6 6. Nh3 e6 7. Bc4 Bd6 8. Bb3 Qc7 9. Qf3 Nf6 10. Nf4 c5 11. dxc5 Bxc5 12. O-O Nc6 13. c3 O-O 14. Be3 Ne5 15. Qe2 Bd6 16. Rad1 Rfe8 17. Rd2 Neg4 18. Nxg6 Nxe3 19. Qxe3 hxg6 20. Rfd1 Bf4 21. Qf3 Bxd2 22. Rxd2 Rad8 23. Rxd8 Rxd8 24. h3 Qc6 25. Qe3 a5 26. Ne2 a4 27. Bc2 Qb5 28. b3 axb3 29. axb3 Nd5 30. Qd2 Qd7 31. c4 Nf6 0-1


[Site "https://www.chess.com"]

[Event "Titled Tuesday Blitz July 20 2021"]
[White "Siva Mahadevan"]
[Black "Hebden, Mark L"]
[WhiteFideId "25043153"]
[BlackFideId "400084"]
[WhiteElo "2203"]
[BlackElo "2457"]
[Result "1-0"]
[Round "06"]
[TimeControl "180+1"]
[Date "2021.07.20"]
[WhiteClock "0:00:26"]
[BlackClock "0:00:16"]

1. e4 e5 2. Nf3 Nc6 3. Bb5 a6 4. Ba4 Nf6 5. O-O Be7 6. Re1 b5 7. Bb3 O-O 8. d4 d6 9. c3 Bg4 10. d5 Na5 11. Bc2 c6 12. h3 Bc8 13. dxc6 Qc7 14. Nbd2 Qxc6 15. Nf1 Nc4 16. Ng3 Be6 17. Nh4 g6 18. Bg5 Rfe8 19. Qf3 Nd7 20. Bxe7 Rxe7 21. b3 Na3 22. Bd3 Qxc3 23. Nhf5 Ree8 24. Nxd6 Rf8 25. Rac1 Qb4 26. Ndf5 Rac8 27. Qe3 f6 28. Nh6+ Kg7 29. Ng4 Bxg4 30. hxg4 Qd4 31. Qe2 Nc5 32. Rcd1 Ne6 33. Bxb5 Nf4 34. Qf1 Nxb5 35. Rxd4 exd4 36. a4 Nc3 37. Qxa6 d3 38. Qd6 Nce2+ 39. Nxe2 Nxe2+ 40. Kh2 Rcd8 41. Qc7+ Kh8 42. g3 Nd4 43. Kg2 Nxb3 44. Rh1 h5 45. gxh5 g5 46. h6 Rg8 47. e5 d2 48. exf6 d1=Q 49. Rxd1 Rxd1 50. f7 Rf8 51. Qe5+ Kh7 52. Qg7# 1-0


[Site "https://www.chess.com"]

[Event "Titled Tuesday Blitz July 20 2021"]
[White "Spata, German"]
[Black "Wieczorek, Zbigniew"]
[WhiteFideId "113026"]
[BlackFideId "1102001"]
[WhiteElo "2238"]
[BlackElo "2276"]
[Result "0-1"]
[Round "06"]
[TimeControl "180+1"]
[Date "2021.07.21"]
[WhiteClock "0:00:03"]
[BlackClock "0:00:07"]

1. c4 e5 2. Nc3 Bb4 3. g3 Bxc3 4. bxc3 Nf6 5. Bg2 O-O 6. d3 e4 7. Bg5 h6 8. Bxf6 Qxf6 9. Bxe4 Qxc3+ 10. Kf1 c6 11. Rc1 Qa5 12. Qc2 Na6 13. h4 d6 14. Nh3 Nc5 15. Bf3 Ne6 16. e3 Bd7 17. Kg2 Rac8 18. d4 Qc7 19. Rhd1 c5 20. d5 Nd8 21. Nf4 b6 22. e4 Re8 23. Re1 Nb7 24. Nh5 Re7 25. Qb2 f6 26. Nf4 Rce8 27. Bh5 Rf8 28. Ng6 Be8 29. Nxe7+ Qxe7 30. Bxe8 Rxe8 31. f3 Na5 32. Qc3 Qd7 33. Qc2 Qc7 34. Re3 a6 35. a4 Qd7 36. f4 b5 37. axb5 axb5 38. cxb5 Qxb5 39. Rb1 Qd7 40. Qc3 Nb7 41. Qb3 Nd8 42. Qb5 Qe7 43. Rbe1 Nf7 44. Qc6 Rd8 45. Ra3 Kh7 46. Ra8 Rd7 47. Ra2 h5 48. Qb5 Nh6 49. Qd3 g6 50. e5 dxe5 51. fxe5 fxe5 52. Qe4 Ng4 53. Rd2 Qf6 54. d6 Rxd6 55. Rxd6 Qxd6 56. Re2 Qf6 57. Qb7+ Kh6 58. Qe4 Qd6 0-1


[Site "https://www.chess.com"]

[Event "Titled Tuesday Blitz July 20 2021"]
[White "Stribuk, Artiom"]
[Black "Garcia, Gabriel Gonzaga"]
[WhiteFideId "13515659"]
[BlackFideId "2138956"]
[WhiteElo "2224"]
[BlackElo "2240"]
[Result "0-1"]
[Round "06"]
[TimeControl "180+1"]
[Date "2021.07.21"]
[WhiteClock "0:00:03"]
[BlackClock "0:00:16"]

1. d4 Nf6 2. c4 e5 3. dxe5 Ng4 4. Nf3 Bc5 5. e3 Nc6 6. Be2 O-O 7. O-O Re8 8. Nc3 a5 9. Na4 Bf8 10. b3 Ncxe5 11. Nxe5 Nxe5 12. c5 d6 13. Bb2 Bd7 14. cxd6 Bxd6 15. Rc1 Bxa4 16. bxa4 Qf6 17. Qb3 Qg6 18. Rfd1 b6 19. h3 Rad8 20. Rd5 Nd7 21. Rcd1 Nc5 22. Qc4 Qe4 23. R5d4 Qe6 24. Rg4 g6 25. Qc2 Be5 26. Bc4 Qe7 27. Rxd8 Rxd8 28. Re4 Nxe4 29. Bc1 Qf6 30. Bf1 Nxf2 31. Ba3 Rd1 32. Qe2 Ra1 33. Qa6 Kg7 34. Qc8 Bd6 35. Bxd6 cxd6 36. Qc4 Ne4 0-1


[Site "https://www.chess.com"]

[Event "Titled Tuesday Blitz July 20 2021"]
[White "Sukandar, Irine Kharisma"]
[Black "Yuan, Qingyu"]
[WhiteFideId "7101937"]
[BlackFideId "8609772"]
[WhiteElo "2313"]
[BlackElo "2359"]
[Result "0-1"]
[Round "06"]
[TimeControl "180+1"]
[Date "2021.07.21"]
[WhiteClock "0:00:15"]
[BlackClock "0:00:13"]

1. d4 Nf6 2. Bf4 g6 3. Nc3 d5 4. e3 Bg7 5. h4 h5 6. Nf3 O-O 7. Nb5 Na6 8. Ne5 c6 9. Nc3 Nc7 10. Qd2 c5 11. dxc5 Ne6 12. O-O-O Nxf4 13. exf4 Be6 14. f3 Rc8 15. Qd4 Qa5 16. Kb1 Qxc5 17. Qxc5 Rxc5 18. Nb5 a6 19. Nd4 Bc8 20. Bd3 Rd8 21. Rde1 Rc7 22. f5 gxf5 23. Bxf5 e6 24. Bd3 Ne4 25. fxe4 Bxe5 26. Nf3 Bg3 27. Ref1 dxe4 28. Bxe4 f5 29. Bd3 e5 30. Ng5 e4 31. Be2 Rd2 32. Bxh5 Rcxc2 33. Bf7+ Kg7 34. Bb3 Rxb2+ 35. Kc1 e3 36. Nf3 Rxg2 37. Rfg1 f4 38. Nd4 Rbf2 39. Bd5 Rxg1+ 40. Rxg1 Kh6 41. Bf3 Bh3 42. Rh1 Bg2 43. Bxg2 Rxg2 44. Nf5+ Kh5 45. Nxg3+ Rxg3 46. Kc2 f3 47. Kd3 f2 48. Rf1 Rg1 49. Ke2 Rxf1 50. Kxf1 Kxh4 51. Kg2 Kg4 52. a4 Kf4 53. a5 Ke4 54. Kf1 Kd4 55. Ke2 Kc4 56. Kf1 Kb5 57. Ke2 Kxa5 58. Kf1 Kb4 0-1


[Site "https://www.chess.com"]

[Event "Titled Tuesday Blitz July 20 2021"]
[White "Taichman, Ori"]
[Black "Borsuk, Konstantin"]
[WhiteFideId "2804069"]
[BlackFideId "14113406"]
[WhiteElo "2227"]
[BlackElo "2363"]
[Result "0-1"]
[Round "06"]
[TimeControl "180+1"]
[Date "2021.07.21"]
[WhiteClock "0:00:03"]
[BlackClock "0:00:36"]

1. e4 e6 2. d4 d5 3. Nc3 Bb4 4. e5 b6 5. Qg4 Bf8 6. Nh3 Ne7 7. Nf4 Ba6 8. Nh5 Nf5 9. Bg5 Qc8 10. O-O-O Bxf1 11. Rhxf1 Nc6 12. Ne2 Qa6 13. Kb1 Nb4 14. a3 Nc6 15. Qf3 b5 16. g4 Nfe7 17. Bxe7 Nxe7 18. Nc1 b4 19. axb4 Nc6 20. Nd3 Qb5 21. Nc5 a5 22. Qd3 Qb6 23. b5 Nb4 24. Qe2 Bxc5 25. dxc5 Qxc5 26. Nxg7+ Kf8 27. Nh5 d4 28. Nf6 Ke7 29. Qe4 Qxb5 30. Qxd4 Rhd8 31. Qc3 c5 32. Rxd8 Qxf1+ 0-1


[Site "https://www.chess.com"]

[Event "Titled Tuesday Blitz July 20 2021"]
[White "Tanenbaum, Zachary"]
[Black "Arnold, Ken"]
[WhiteFideId "2060850"]
[BlackFideId "2056836"]
[WhiteElo "2165"]
[BlackElo "2436"]
[Result "1-0"]
[Round "06"]
[TimeControl "180+1"]
[Date "2021.07.21"]
[WhiteClock "0:00:17"]
[BlackClock "0:00:16"]

1. e4 c6 2. d4 d5 3. exd5 cxd5 4. Bd3 Nf6 5. c3 Nc6 6. Bf4 e6 7. Nf3 Bd6 8. Bg3 O-O 9. Nbd2 a6 10. a4 Qc7 11. O-O Bxg3 12. hxg3 Bd7 13. Re1 Rab8 14. Ne5 b5 15. axb5 axb5 16. g4 b4 17. g5 Ne4 18. Nxd7 Qxd7 19. Nxe4 dxe4 20. Rxe4 bxc3 21. Rh4 g6 22. bxc3 Ne7 23. Qg4 h5 24. gxh6 Kh7 25. Qf3 Nf5 26. Bxf5 gxf5 27. Rh3 Rg8 28. Rg3 Rxg3 29. Qxg3 Rg8 30. Qf3 Qe7 31. Ra8 Rg6 32. Rb8 Qg5 33. Rb1 Rxh6 34. g3 Qd2 35. Kg2 Kg7 36. Rh1 Rxh1 37. Kxh1 Kg6 38. Kg2 f6 39. Qe3 Qc2 40. Qxe6 Qxc3 41. d5 Qd4 42. d6 f4 43. Qg4+ Kf7 44. Qxf4 Ke6 45. Qxd4 1-0


[Site "https://www.chess.com"]

[Event "Titled Tuesday Blitz July 20 2021"]
[White "Timmermans, Mark"]
[Black "Omk124"]
[WhiteFideId "1026399"]
[WhiteElo "2460"]
[BlackElo "2565"]
[Result "1-0"]
[Round "06"]
[TimeControl "180+1"]
[Date "2021.07.21"]
[WhiteClock "0:01:43"]
[BlackClock "0:00:20"]

1. b4 e5 2. Bb2 Bxb4 3. Bxe5 Nf6 4. Nc3 O-O 5. Bxf6 Qxf6 6. Nd5 Qd6 7. c4 c6 8. Nxb4 Qxb4 9. e3 d5 10. cxd5 cxd5 11. Nf3 Nc6 12. Bd3 Bg4 13. Rb1 Qe7 14. O-O Qf6 15. Rxb7 Rab8 16. Rxb8 Rxb8 17. Be2 d4 18. Nxd4 Bd7 19. Nxc6 Bxc6 20. Bf3 Bxf3 21. Qxf3 Qxf3 22. gxf3 Rb2 23. Rc1 g6 24. a4 Rxd2 25. Rc7 h5 26. Rxa7 h4 27. Kg2 Ra2 28. a5 Kg7 29. a6 g5 30. Ra8 f5 31. a7 g4 32. fxg4 fxg4 33. e4 Ra3 34. e5 h3+ 35. Kf1 Ra1+ 36. Ke2 Ra2+ 37. Ke3 g3 38. fxg3 1-0


[Site "https://www.chess.com"]